 Dungeon Crawl Stone Soup version 0.18-a0-1468-gaf180a1 (webtiles) character file.

27094 namelastname112 the Black Belt (level 13, -2/118 HPs)
             Began as a Red Draconian Monk on Mar 1, 2016.
             Was a Priest of Ashenzari.
             Slain by a skeletal warrior
             ... wielding a +0 dire flail
              (15 damage)
             ... on level 13 of the Dungeon.
             The game lasted 00:32:15 (19103 turns).

namelastname112 the Black Belt (DrMo)              Turns: 19103, Time: 00:32:15

Health: -2/118     AC: 12    Str: 14    XL:     13   Next: 2%
Magic:  0/13       EV: 20    Int:  8    God:    Ashenzari [***...]
Gold:   737        SH:  0    Dex: 17    Spells: 0 memorised, 12 levels left

rFire  + . .     SeeInvis +       - Unarmed
rCold  . . .     Gourm    .     (armour unavailable)
rNeg   . . .     Faith    .     (no shield)
rPois  .         Spirit   +     (helmet restricted)
rElec  .         Dismiss  .     d - +2 cloak (curse)
rCorr  .         Reflect  .     (no gloves)
SustAt +         Harm     .     w - +0 pair of boots (curse)
MR     .....     Clarity  +     L - amulet of guardian spirit
Stlth  +++.......               s - ring of wizardry
                                n - ring of sustain attributes

@: not resistant to hostile enchantments, fairly stealthy
A: breathe fire, unfitting armour, horns 1, camouflage 1, berserk 1, clarity,
deterioration 1, dopey 1, fire resistance 1, mutation resistance 1, sense
surroundings 1, weak 1, no device heal 1, cold-blooded, AC +8
a: Breathe Fire, Curse Item, Scrying, Renounce Religion


You were on level 13 of the Dungeon.
You worshipped Ashenzari.
Ashenzari was most pleased with you.
You were hungry.

You visited 2 branches of the dungeon, and saw 15 of its levels.

You collected 757 gold pieces.

Inventory:

Missiles
 H - 3 curare-tipped needles
Armour
 d - a cursed +2 cloak (worn)
 w - a cursed +0 pair of boots (worn)
 A - a +0 buckler
Jewellery
 n - a ring of sustain attributes (left hand)
 s - a ring of wizardry (right hand)
 L - an amulet of guardian spirit (around neck)
Wands
 k - a wand of polymorph (15/24)
 v - a wand of slowing (4/48)
 D - a wand of flame (14/48)
 E - a wand of slowing (36/48)
 F - a wand of random effects (18/48)
 I - a wand of polymorph (18/24)
 M - a wand of lightning (6/15)
Scrolls
 b - 11 scrolls of identify
 c - 3 scrolls of amnesia
 f - 6 scrolls of remove curse
 m - 4 scrolls of magic mapping
 o - a scroll of enchant armour
 r - 4 scrolls of enchant weapon
 u - 2 scrolls of immolation
 y - 3 scrolls of recharging
 z - 4 scrolls of teleportation
 J - a scroll of blinking
 K - a scroll of acquirement {unknown}
Potions
 e - 2 potions of degeneration
 h - 3 potions of agility
 i - 2 potions of ambrosia
 l - 4 potions of curing
 p - 2 potions of flight
 t - a potion of cure mutation
 B - a potion of invisibility
 C - 2 potions of haste
 G - a potion of heal wounds
 N - a potion of berserk rage
Books
 q - a book of Callings

   Spells                             Type                      Level
   a - Summon Small Mammal            Summoning                    1
   b - Call Imp                       Summoning                    2
   c - Call Canine Familiar           Summoning                    3
   d - Summon Guardian Golem          Hexes/Summoning              3
   e - Summon Lightning Spire         Summoning/Air                4
   f - Summon Ice Beast               Ice/Summoning                4
 O - a book of Fire

   Spells                             Type                      Level
   a - Ignite Poison                  Fire/Transmutation/Poison    3
   b - Fireball                       Conjuration/Fire             5
   c - Bolt of Fire                   Conjuration/Fire             6
   d - Delayed Fireball               Conjuration/Fire             7
   e - Ring of Flames                 Charms/Fire                  7
 R - a book of Necromancy

   Spells                             Type                      Level
   a - Pain                           Necromancy                   1
   b - Animate Skeleton               Necromancy                   1
   c - Vampiric Draining              Necromancy                   3
   d - Regeneration                   Charms/Necromancy            3
   e - Animate Dead                   Necromancy                   4
   f - Control Undead                 Necromancy                   4
Comestibles
 a - 10 bread rations
 g - 10 meat rations
 j - 9 slices of pizza
 x - 3 beef jerkies
 P - 8 fruits
 Q - a royal jelly


   Skills:
 + Level 12.0 Fighting
 + Level 10.5 Dodging
 - Level 1.7 Stealth
 * Level 15.7 Unarmed Combat


You had 12 spell levels left.
You didn't know any spells.

Dungeon Overview and Level Annotations

Branches:
Dungeon (14/15)            Temple (1/1) D:7            Lair (0/8) D:10
    Orc (0/2) D:11         Vaults (0/5) D:14

Altars:
Ashenzari
Dithmenos
Elyvilon
Nemelex Xobeh
Okawaru
Pakellas
Qazlal
Ru
Sif Muna
Xom
Zin
The Shining One

Shops:
D:4 [   D:8 (   D:11 (   D:14 ?(

Annotations:
D:8 exclusion: obsidian statue
D:13 1 runed door


Innate Abilities, Weirdness & Mutations

You can breathe blasts of fire.
Your fiery red scales are hard (AC +8).
Your body does not fit into most forms of armour.
Your flesh is heat resistant.
You are cold-blooded and may be slowed by cold attacks.
You have a pair of small horns on your head.
Your skin changes colour to match your surroundings (Stealth).
You tend to lose your temper in combat.
You possess an exceptional clarity of mind.
Your body sometimes deteriorates upon taking damage.
You are dopey. (Int -2)
You are somewhat resistant to further mutation.
You passively map a small area around you.
You are weak. (Str -2)
Potions and wands are less effective at restoring your health.


Message History

There is a stone staircase leading up, spattered with blood here.
You climb upwards.
Level annotation: 1 runed door The skeletal warrior hits you with a battleaxe!
* * * LOW HITPOINT WARNING * * *
Your body deteriorates!
You feel clumsy for a moment.
There is a stone staircase leading down, spattered with blood here.
You punch the skeletal warrior!
You headbutt the skeletal warrior, but do no damage.
You tail-slap the skeletal warrior, but do no damage.
The skeletal warrior is lightly damaged.
The skeletal warrior misses you.
You closely miss the skeletal warrior.
You headbutt the skeletal warrior, but do no damage.
The skeletal warrior is lightly damaged.
The skeletal warrior hits you with a battleaxe!!
* * * LOW HITPOINT WARNING * * *
The skeletal warrior hits you with a dire flail!
You die...

......[.# ###'#### #...)..
........# ##.# ###.### ####'####
#..# ####.# #....# #.## #....#
#.#### #.# ##(###### #.# #.#
###[[...... #.#######
####'#######.z........
........####.........##[#........
........#..'....@....##{#........
..........##...z.z...#..#..z.....
........####.........'.##........
#####.### #.........####........
#....# ########'## ####'####
#.#### ##..# #...# #.# #..##
###.## #.# ##.## #..# #.# #..#
######[#


You could see 2 skeletal warriors.

Vanquished Creatures
  The ghost of nublet the Arsonist, a journeyman HOFE of Beogh (D:10)
  2 centaur warriors
  A tengu warrior (D:13)
  A skeletal warrior (D:14)
  2 unseen horrors
  5 hill giants
  A deep elf mage (D:14)
  5 ugly things
  A manticore (D:12)
  2 cyclopes
  An ice statue (D:8)
  2 centaur skeletons
  An efreet (D:13)
  A komodo dragon (shapeshifter) (D:13)
  6 trolls
  2 two-headed ogres
  3 slime creatures (D:11)
  Grinder (D:6)
  A vampire (D:9)
  2 water elementals (D:14)
  14 yaks
  2 wraiths
  3 basilisks
  A human (D:13)
  2 wyverns
  3 vampire mosquitoes (D:12)
  A hippogriff (D:14)
  Menkaure (D:6)
  2 steam dragons
  A soldier ant (D:13)
  Duvessa (D:6)
  3 water moccasins
  3 porcupines (D:10)
  3 ice beasts
  5 orc warriors
  A sky beast (D:13)
  3 eyes of draining
  A phantom (D:14)
  2 black bears
  10 ogres
  14 centaurs
  2 wasps
  4 crocodiles
  A big kobold (D:13)
  2 wyvern zombies
  9 giant frogs
  Dowan (D:6)
  A scorpion (D:5)
  A wyvern skeleton (D:14)
  5 killer bees
  3 howler monkeys (D:7)
  5 electric eels (D:10)
  4 crimson imps
  2 quasits
  4 centaur zombies
  2 giant frog skeletons
  7 hounds
  A jelly (D:5)
  13 orc priests
  A gnoll shaman (D:4)
  21 orc wizards
  7 iguanas
  Natasha (thrice) (D:2)
  6 worker ants
  A killer bee zombie (D:4)
  A hound skeleton (D:5)
  Robin (D:2)
  4 gnolls
  A howler monkey skeleton (D:9)
  8 adders
  2 river rats (D:10)
  2 shadow imps
  2 adder zombies
  3 adder skeletons
  A dart slug (D:2)
  2 worms (D:4)
  6 giant geckos
  51 orcs
  6 bats
  2 giant cockroaches
  18 goblins
  8 hobgoblins
  17 jackals
  7 quokkas
  4 giant newts
  14 kobolds
  A quokka zombie (D:7)
  11 rats
395 creatures vanquished.

Vanquished Creatures (others)
  3 bushes (D:10)
  2 fungi (D:10)
  10 plants (D:10)
15 creatures vanquished.

Grand Total: 410 creatures vanquished

Notes
Turn   | Place    | Note
--------------------------------------------------------------
     0 | D:1      | namelastname112 the Draconian Monk began the quest for the Orb.
     0 | D:1      | Reached XP level 1. HP: 19/19 MP: 1/1
   126 | D:1      | Reached XP level 2. HP: 20/26 MP: 2/2
   527 | D:2      | Found an oddly glowing altar of Pakellas.
   528 | D:2      | Found a shattered altar of Ashenzari.
   528 | D:2      | Found a stormy altar of Qazlal.
   529 | D:2      | Found a shimmering altar of Xom.
   529 | D:2      | Found an iron altar of Okawaru.
   529 | D:2      | Found a white marble altar of Elyvilon.
   537 | D:2      | Reached skill level 5 in Unarmed Combat
   537 | D:2      | Reached XP level 3. HP: 16/31 MP: 3/3
   986 | D:2      | Found a faded altar to an unknown god.
   986 | D:2      | Noticed Natasha
  1000 | D:2      | Killed Natasha
  1012 | D:2      | Became a worshipper of Ashenzari the Shackled
  1012 | D:2      | Reached * piety under Ashenzari
  1012 | D:2      | Reached ** piety under Ashenzari
  1039 | D:2      | Reached XP level 4. HP: 34/38 MP: 4/4
  1044 | D:2      | Noticed Robin
  1125 | D:2      | Killed Robin
  1125 | D:2      | Reached skill level 6 in Unarmed Combat
  1474 | D:2      | Noticed Natasha
  1478 | D:2      | Killed Natasha
  1576 | D:2      | Noticed Natasha
  1581 | D:2      | Found a sparkling altar of Nemelex Xobeh.
  1590 | D:2      | Killed Natasha
  1590 | D:2      | Reached XP level 5. HP: 5/45 MP: 5/5
  1693 | D:2      | Found a sacrificial altar of Ru.
  1981 | D:3      | Found a stormy altar of Qazlal.
  2026 | D:3      | Reached *** piety under Ashenzari
  2234 | D:3      | Found a shadowy altar of Dithmenos.
  2796 | D:4      | Noticed an ogre
  2855 | D:4      | Killed an ogre
  2855 | D:4      | Reached skill level 7 in Unarmed Combat
  2855 | D:4      | Reached XP level 6. HP: 15/51 MP: 6/6
  3090 | D:4      | Found Feerus's Antique Armour Boutique.
  3370 | D:4      | Reached skill level 8 in Unarmed Combat
  3677 | D:5      | Entered Level 5 of the Dungeon
  3702 | D:5      | Found a glowing golden altar of the Shining One.
  3806 | D:5      | Your scales start taking on a fiery red colour.
  3806 | D:5      | Reached XP level 7. HP: 35/58 MP: 7/7
  3806 | D:5      | Gained mutation: Your flesh is heat resistant. [Red Draconian growth]
  4645 | D:5      | Found a deep blue altar of Sif Muna.
  5157 | D:5      | Reached skill level 5 in Fighting
  5157 | D:5      | Reached XP level 8. HP: 15/68 MP: 8/8
  5728 | D:6      | Noticed Grinder
  5731 | D:6      | Paralysed by Grinder for 4 turns
  5738 | D:6      | Killed Grinder
  5738 | D:6      | Reached skill level 9 in Unarmed Combat
  5901 | D:6      | Noticed Duvessa
  5902 | D:6      | Noticed Dowan
  5921 | D:6      | Killed Duvessa
  5930 | D:6      | Killed Dowan
  5965 | D:6      | Noticed Menkaure
  5994 | D:6      | Killed Menkaure
  5994 | D:6      | Reached skill level 5 in Dodging
  6782 | D:7      | Reached XP level 9. HP: 78/78 MP: 9/9
  7022 | D:7      | Found a glowing silver altar of Zin.
  7033 | D:7      | Reached skill level 10 in Unarmed Combat
  7087 | D:7      | Found a staircase to the Ecumenical Temple.
  7344 | Temple   | Entered the Ecumenical Temple
  7406 | D:8      | Found Akyo's Antique Weapon Emporium.
  7502 | D:8      | Reached **** piety under Ashenzari
  7559 | D:8      | Noticed an obsidian statue
  7705 | D:8      | Noticed an ice statue
  7966 | D:8      | Killed an ice statue
  8091 | D:8      | Reached skill level 11 in Unarmed Combat
  9062 | D:9      | Noticed a troll
  9080 | D:9      | Killed a troll
  9080 | D:9      | Reached XP level 10. HP: 30/89 MP: 10/10
  9884 | D:9      | Noticed a hill giant
  9892 | D:9      | Killed a hill giant
 10276 | D:10     | Entered Level 10 of the Dungeon
 10337 | D:10     | Gained mutation: You are robust (+10% HP). [potion of beneficial mutation]
 10439 | D:10     | Gained mutation: Your skin changes colour to match your surroundings (Stealth). [potion of beneficial mutation]
 10739 | D:10     | Noticed nublet's ghost (journeyman HOFE)
 10757 | D:10     | Reached skill level 12 in Unarmed Combat
 10882 | D:10     | Killed nublet's ghost
 10934 | D:10     | Found a shadowy altar of Dithmenos.
 11657 | D:10     | Reached XP level 11. HP: 79/108 MP: 11/11
 11814 | D:10     | Found a staircase to the Lair.
 11873 | D:10     | Reached skill level 13 in Unarmed Combat
 12235 | D:10     | Reached skill level 10 in Fighting
 12590 | D:11     | Found a staircase to the Orcish Mines.
 12858 | D:11     | Noticed a hill giant
 12868 | D:11     | Killed a hill giant
 12975 | D:11     | Found Niwkeffank's Antique Weapon Boutique.
 12989 | D:11     | Noticed a purple ugly thing
 13003 | D:11     | Killed a purple ugly thing
 13074 | D:11     | Noticed a hill giant
 13083 | D:11     | Killed a hill giant
 13169 | D:11     | Gained mutation: You possess an exceptional clarity of mind. [potion of mutation]
 13170 | D:11     | Lost mutation: You are robust (+10% HP). [potion of mutation]
 13170 | D:11     | Gained mutation: You are weak. (Str -2) [potion of mutation]
 13170 | D:11     | Gained mutation: You are dopey. (Int -2) [potion of mutation]
 13171 | D:11     | Gained mutation: Your body sometimes deteriorates upon taking damage. [potion of mutation]
 13171 | D:11     | Gained mutation: Potions and wands are less effective at restoring your health. [potion of mutation]
 13171 | D:11     | Gained mutation: You passively map a small area around you. [potion of mutation]
 13370 | D:12     | Noticed an unseen horror
 13541 | D:11     | Killed an unseen horror
 13787 | D:12     | Noticed a red ugly thing
 13806 | D:11     | Killed a red ugly thing
 13806 | D:11     | Reached skill level 14 in Unarmed Combat
 13831 | D:11     | Gained mutation: You have a pair of small horns on your head. [mutagenic meat]
 13832 | D:11     | Gained mutation: You tend to lose your temper in combat. [mutagenic meat]
 13833 | D:11     | Gained mutation: You are somewhat resistant to further mutation. [mutagenic meat]
 14486 | D:12     | Reached XP level 12. HP: 29/108 MP: 6/12
 15092 | D:12     | Noticed a centaur warrior
 15103 | D:12     | Killed a centaur warrior
 15449 | D:13     | Noticed a centaur warrior
 15462 | D:13     | Killed a centaur warrior
 16377 | D:13     | Reached skill level 10 in Dodging
 16414 | D:13     | Reached skill level 15 in Unarmed Combat
 16738 | D:13     | Noticed a tengu warrior
 16753 | D:13     | Killed a tengu warrior
 16973 | D:13     | Found a runed door.
 17027 | D:13     | Noticed a centaur warrior
 17027 | D:13     | Noticed a centaur warrior
 17027 | D:13     | Noticed an ogre mage
 17029 | D:13     | Noticed a yaktaur captain
 17359 | D:14     | Found Neniek's Weapon Emporium.
 17367 | D:14     | Found a gate to the Vaults.
 17367 | D:14     | Noticed a vault guard
 17909 | D:14     | xeno23: мм
 17914 | D:14     | xeno23: аш
 18124 | D:14     | xeno23: хороший бог
 18124 | D:14     | namelastname112: рандом алтарь взял
 18438 | D:14     | Found Dafompo's Magic Scroll Emporium.
 18626 | D:14     | Reached XP level 13. HP: 48/118 MP: 5/13
 19103 | D:13     | Slain by a skeletal warrior

Vault maps used:
D:1:      saegor_arrival_simple_f, hangedman_decor_diamond_cutter
D:2:      grunt_temple_overflow_open, nemelex_deck, ecumenical_altar_2,
          nicolae_ru_sacrificial_ziggurat, uniq_robin, uniq_natasha
D:3:      kennysheep_flooded_box, mrwooster_statue_mirror,
          grunt_decor_arrowhead, minmay_misc_feat_tower,
          nicolae_qazlal_general_emergency
D:4:      serial_shops, nicolae_shop_waterfront
D:5:      lemuel_round_altar, first_bread, hangedman_decor_push, led_sif_pool
D:6:      uniq_duvessa, uniq_grinder, uniq_menkaure
D:7:      minmay_temple_entry_hall, basic_altar
D:8:      minmay_separated_statues, serial_shops,
          nicolae_shop_overgrown_old_shop
D:10:     minmay_lair_entry_grove, nicolae_dithmenos_shadow_blocks
D:11:     orc_0_dummy, serial_shops, kennysheep_little_box
D:13:     grunt_pizzeria, lightli_airlock
D:14:     david_vaults_5, serial_park_tiny_pond, serial_shops, shop, shop
Temple:   eino_temple_water_12

Skill      XL: |  1  2  3  4  5  6  7  8  9 10 11 12 |
---------------+-------------------------------------+-----
Unarmed Combat | 5 6 7 8 9 11 12 14 15 | 15.7
Dodging        | 3 4 5 6 8 9 10 | 10.5
Fighting       | 5 6 8 9 10 12 | 12.0
Stealth        | |  1.7

Action                   |  1- 3 |  4- 6 |  7- 9 | 10-12 | 13-15 || total
-------------------------+-------+-------+-------+-------+-------++-------
Melee: Unarmed           |    14 |     3 |   325 |   840 |    14 ||  1196
       Dagger            |    79 |   217 |    63 |       |       ||   359
Invok: Curse Item        |       |       |     2 |       |       ||     2
       Scrying           |       |       |       |     2 |       ||     2
 Abil: Breathe Fire      |       |       |    12 |    22 |     1 ||    35
Evoke: Deck              |       |     4 |       |     2 |       ||     6
  Use: Potion            |       |       |       |    15 |       ||    15
       Scroll            |       |       |       |    20 |       ||    20
 Stab: Sleeping          |     5 |     4 |     3 |     9 |       ||    21
       Distracted        |       |     1 |     1 |     2 |       ||     4
  Eat: Chunk             |       |     9 |    18 |    32 |       ||    59
       Royal jelly       |       |       |       |     1 |       ||     1
       Beef jerky        |       |       |       |     1 |       ||     1
       Meat ration       |       |       |       |     1 |       ||     1
       Fruit             |       |       |       |     1 |       ||     1
